[Event "ICC tourney 2047 (75 10)"]
[Site "Internet Chess Club"]
[Date "2020.10.09"]
[Round "1"]
[White "coolhappyfish"]
[Black "Mozart1"]
[Result "0-1"]
[ICCResult "White resigns"]
[WhiteElo "1607"]
[BlackElo "1846"]
[Opening "Queen's gambit declined"]
[ECO "D30"]
[NIC "QP.08"]
[Time "20:05:33"]
[TimeControl "4500+10"]

1. d4 d5 2. c4 e6 3. Nf3 Nf6 4. g3 c5 5. Bg2 cxd4 6. cxd5 Qa5+ 7. Bd2 Qxd5
8. Qa4+ Nc6 9. O-O b5 10. Nxd4 Qxg2+ 11. Kxg2 bxa4 12. Nxc6 Bb7 13. Rc1 Rc8
{White resigns}
0-1

[Event "ICC tourney 2047 (75 10)"]
[Site "Internet Chess Club"]
[Date "2020.10.09"]
[Round "1"]
[White "madrigal"]
[Black "Priccchess"]
[Result "0-1"]
[ICCResult "White resigns"]
[WhiteElo "1578"]
[BlackElo "1779"]
[Opening "English opening"]
[ECO "A20"]
[NIC "EO.25"]
[Time "20:05:29"]
[TimeControl "4500+10"]

1. c4 e5 2. d3 Nf6 3. a3 Nc6 4. Nf3 d5 5. cxd5 Nxd5 6. e3 Be7 7. Be2 O-O 8.
O-O Be6 9. Nc3 a6 10. e4 Nf6 11. Be3 Bg4 12. h3 Bh5 13. Rc1 Rb8 14. Re1 Re8
15. b4 Bxf3 16. Bxf3 Nd4 17. Bxd4 Qxd4 18. Qc2 c6 19. Red1 Rbd8 20. Ne2 Qd7
21. Ng3 Qe6 22. Nf5 g6 23. Nxe7+ Qxe7 24. Qc5 Rd4 25. Qxe7 Rxe7 26. Rc4 Red7
27. Rcc1 Rxd3 28. Rxd3 Rxd3 29. Rc5 Nd7 30. Ra5 f6 31. Bg4 Kf7 32. Bxd7 Rxd7
33. f3 Rd1+ 34. Kf2 Ke7 35. a4 Rb1 36. b5 cxb5 37. axb5 Rxb5 38. Rxb5 axb5
39. Ke3 Kd6 40. Kd3 Kc5 41. Kc3 b4+ 42. Kb3 f5 43. exf5 gxf5 44. g3 e4 45.
fxe4 fxe4 46. g4 e3 47. Kc2 b3+ {White resigns} 0-1

[Event "ICC tourney 2047 (75 10)"]
[Site "Internet Chess Club"]
[Date "2020.10.09"]
[Round "1"]
[White "VincentT2008"]
[Black "rpughiii"]
[Result "1-0"]
[ICCResult "Black resigns"]
[WhiteElo "1811"]
[BlackElo "1596"]
[Opening "Old Indian: Ukrainian variation"]
[ECO "A53"]
[NIC "OI.04"]
[Time "20:05:27"]
[TimeControl "4500+10"]

1. d4 d6 2. c4 Nf6 3. Nc3 e5 4. d5 Be7 5. e4 O-O 6. f3 Nbd7 7. Be3 c6 8. Qd2
Qc7 9. Nge2 Re8 10. g4 Nf8 11. Ng3 Kh8 12. h4 Bd7 13. Be2 cxd5 14. cxd5 Qb8
15. Bf1 Rc8 16. g5 Ne8 17. Bh3 Bd8 18. h5 Ba5 19. Bxd7 Nxd7 20. g6 Nef6 21.
gxh7 Rc4 22. Nf5 Qc7 23. Bh6 gxh6 24. Qg2 {Black resigns} 1-0

[Event "ICC tourney 2047 (75 10)"]
[Site "Internet Chess Club"]
[Date "2020.10.09"]
[Round "1"]
[White "GalaxyToast"]
[Black "TheSuperKing"]
[Result "0-1"]
[ICCResult "White resigns"]
[WhiteElo "1371"]
[BlackElo "1717"]
[Opening "Queen's pawn game"]
[ECO "A46"]
[NIC "QP.06"]
[Time "20:05:39"]
[TimeControl "4500+10"]

1. d4 Nf6 2. Nf3 e6 3. g3 d5 4. Bg2 c5 5. e3 Nc6 6. b3 Bd6 7. Bb2 O-O 8. O-O
Bd7 9. Ne5 Bxe5 10. dxe5 Ne8 11. Nd2 Nc7 12. c4 b6 13. a3 a5 14. Bc3 b5 15.
Qe2 b4 16. Bb2 a4 17. cxd5 exd5 18. Rfc1 Qe7 19. axb4 Nxb4 20. f4 Bb5 21.
Qd1 Nd3 22. Rc2 axb3 23. Rxa8 Rxa8 24. Nxb3 Bc4 25. Rxc4 Nxb2 {White
resigns} 0-1

[Event "ICC tourney 2047 (75 10)"]
[Site "Internet Chess Club"]
[Date "2020.10.09"]
[Round "1"]
[White "importantheart"]
[Black "Chess121"]
[Result "1/2-1/2"]
[ICCResult "Game drawn by mutual agreement"]
[WhiteElo "1706"]
[BlackElo "1490"]
[Opening "French: advance, Paulsen attack"]
[ECO "C02"]
[NIC "FR.03"]
[Time "20:05:31"]
[TimeControl "4500+10"]

1. e4 e6 2. d4 d5 3. e5 c5 4. c3 Nc6 5. Nf3 Qb6 6. Be2 Nh6 7. dxc5 Bxc5 8.
O-O Nf5 9. Nbd2 Qc7 10. Nb3 Bb6 11. Nbd4 Nxe5 12. Nxf5 exf5 13. Qxd5 Nxf3+
14. Bxf3 O-O 15. Rd1 Rd8 16. Qxd8+ Qxd8 17. Rxd8+ Bxd8 18. Bf4 g5 19. Bd6 a5
20. Re1 Be6 21. Bxb7 Ra7 22. Bc8 Bxc8 23. Re8+ Kg7 24. Rxd8 Be6 25. Bc5 Rb7
26. b4 axb4 27. cxb4 Bxa2 28. f3 Be6 29. Kf2 Rd7 30. Rxd7 Bxd7 31. Ke3 Kf6
32. Kd4 Ke6 33. Kc4 Bc8 34. Kb5 Kd7 35. Kb6 g4 36. b5 h6 37. Be3 h5 38. Ka7
Kc7 39. b6+ Kc6 40. Kb8 Bb7 41. f4 Ba6 42. Bd4 Bb7 43. g3 Ba6 44. Ka8 Bb7+
45. Ka7 Bc8 {Game drawn by mutual agreement} 1/2-1/2

[Event "ICC tourney 2047 (75 10)"]
[Site "Internet Chess Club"]
[Date "2020.10.09"]
[Round "1"]
[White "alexsaidfeghhi"]
[Black "chessmaster0981"]
[Result "1-0"]
[ICCResult "Black checkmated"]
[WhiteElo "1878"]
[BlackElo "1630"]
[Opening "French: Albin-Alekhine-Châtard attack, Breyer variation"]
[ECO "C13"]
[NIC "FR.06"]
[Time "20:05:37"]
[TimeControl "4500+10"]

1. e4 e6 2. d4 d5 3. Nc3 Nf6 4. Bg5 Be7 5. e5 Nfd7 6. h4 c5 7. Bxe7 Kxe7 8.
Qg4 cxd4 9. Qg5+ Ke8 10. Qxg7 Ke7 11. Qg5+ Ke8 12. Nb5 Qa5+ 13. Kd1 Nc6 14.
Nd6+ Kf8 15. Qf4 Ndxe5 16. Nf3 Ke7 17. Nxe5 Nxe5 18. Qxe5 Rd8 19. Nf5+ Ke8
20. Bd3 Qb6 21. Re1 Qxb2 22. Ke2 Qb6 23. Rab1 Qa5 24. Bb5+ Bd7 25. Qh8#
{Black checkmated}
1-0

[Event "ICC tourney 2047 (75 10)"]
[Site "Internet Chess Club"]
[Date "2020.10.09"]
[Round "1"]
[White "FlowingMelody"]
[Black "TacticalVM"]
[Result "0-1"]
[ICCResult "White resigns"]
[WhiteElo "1323"]
[BlackElo "1686"]
[Opening "Sicilian: Najdorf, Opocensky variation"]
[ECO "B92"]
[NIC "SI.10"]
[Time "20:05:35"]
[TimeControl "4500+10"]

1. e4 c5 2. Nf3 d6 3. d4 cxd4 4. Nxd4 Nf6 5. Nc3 a6 6. Be2 e5 7. Nb3 Nc6 8.
O-O Be7 9. Be3 O-O 10. Qd2 Be6 11. a4 Qd7 12. f4 Bxb3 13. cxb3 Rfd8 14. Bb6
Rdc8 15. Rac1 exf4 16. Qxf4 Ne5 17. Nd5 Rxc1 18. Rxc1 Nxd5 19. exd5 Rc8 20.
Rxc8+ Qxc8 21. Bd4 Qc2 22. Qf1 Qxb3 23. Bxe5 dxe5 24. Bc4 Qxb2 25. d6 Qd4+
26. Kh1 Bf6 27. Bb3 Qxd6 28. Qd1 Qxd1+ 29. Bxd1 Kf8 30. Bg4 Ke7 31. Bc8 b5
32. a5 b4 33. Bxa6 b3 34. Bd3 Bg5 35. g4 b2 36. a6 Be3 37. Kg2 Kd6 38. Kf3
Ba7 39. h3 Kd5 40. Bb1 Kd4 41. h4 Kc3 42. Ke2 g6 43. h5 gxh5 44. gxh5 h6 45.
Bd3 Kd4 46. Bc2 f5 47. Bb1 e4 48. Bc2 f4 49. Bb1 f3+ 50. Kf2 Kc3+ 51. Ke1 e3
52. Kd1 e2+ 53. Ke1 Be3 54. Bg6 Bd2+ 55. Kf2 e1=Q+ 56. Kxf3 Qe3+ 57. Kg4
Qg5+ 58. Kf3 Qf6+ 59. Ke4 b1=Q+ {White resigns} 0-1

[Event "ICC tourney 2047 (75 10)"]
[Site "Internet Chess Club"]
[Date "2020.10.09"]
[Round "1"]
[White "atevifred"]
[Black "Knightboy123"]
[Result "1-0"]
[ICCResult "Black checkmated"]
[WhiteElo "1899"]
[BlackElo "1641"]
[Opening "QGD"]
[ECO "D52"]
[NIC "QO.16"]
[Time "20:05:32"]
[TimeControl "4500+10"]

1. d4 Nf6 2. c4 e6 3. Nc3 d5 4. Bg5 c6 5. e3 Nbd7 6. Nf3 Be7 7. Bd3 h6 8.
Bh4 b6 9. O-O O-O 10. cxd5 Nxd5 11. Bxe7 Qxe7 12. Nxd5 cxd5 13. Rc1 Nf6 14.
Qc2 Rd8 15. Ne5 Nd7 16. Nc6 Qf8 17. Nxd8 Qxd8 18. Qc7 Qxc7 19. Rxc7 b5 20.
Rfc1 Nb6 21. Bxb5 Kf8 22. a4 a5 23. R1c6 Bd7 24. Rxb6 Bxb5 25. Rxb5 Ke8 26.
Rbb7 f5 27. Rxg7 Kf8 28. Rh7 Kg8 29. Rbg7+ Kf8 30. Rh8+ Kxg7 31. Rxa8 h5 32.
Rxa5 h4 33. Rc5 h3 34. a5 hxg2 35. a6 f4 36. a7 e5 37. a8=Q fxe3 38. Rc6
exf2+ 39. Kxf2 g1=Q+ 40. Kxg1 e4 41. Qb7+ Kh8 42. Rc8# {Black checkmated}
1-0

[Event "ICC tourney 2047 (75 10)"]
[Site "Internet Chess Club"]
[Date "2020.10.09"]
[Round "1"]
[White "kirikiri007"]
[Black "nikhilthota"]
[Result "0-1"]
[ICCResult "White resigns"]
[WhiteElo "1561"]
[BlackElo "1764"]
[Opening "Two knights defense (Modern bishop's opening)"]
[ECO "C55"]
[NIC "IG.01"]
[Time "20:05:38"]
[TimeControl "4500+10"]

1. e4 e5 2. Nf3 Nc6 3. Bc4 Nf6 4. d3 Be7 5. c3 d6 6. Nbd2 O-O 7. Nf1 Na5 8.
Bb5 c6 9. Ba4 b5 10. Bc2 c5 11. Ng3 Bb7 12. O-O Re8 13. Re1 Bf8 14. d4 exd4
15. cxd4 cxd4 16. Nxd4 a6 17. f3 d5 18. e5 Qb6 19. Kh1 Nd7 20. Qd3 g6 21. f4
Nc4 22. h4 f6 23. b3 fxe5 24. bxc4 dxc4 25. Qf1 exd4 26. Rxe8 Rxe8 27. f5
Bb4 28. Bh6 d3 29. fxg6 Qxg6 {White resigns} 0-1

[Event "ICC tourney 2047 (75 10)"]
[Site "Internet Chess Club"]
[Date "2020.10.09"]
[Round "1"]
[White "BillietheKid"]
[Black "Alexbander"]
[Result "0-1"]
[ICCResult "White resigns"]
[WhiteElo "1463"]
[BlackElo "1728"]
[Opening "Ruy Lopez: Anderssen variation"]
[ECO "C77"]
[NIC "RL.12"]
[Time "20:06:22"]
[TimeControl "4500+10"]

1. e4 e5 2. Nf3 Nc6 3. Bb5 a6 4. Ba4 Nf6 5. d3 b5 6. Bb3 Be7 7. c3 O-O 8.
O-O d6 9. Bg5 h6 10. Bh4 Na5 11. Bc2 c5 12. b3 Nc6 13. Re1 b4 14. d4 bxc3
15. d5 Nd4 16. Nxc3 Bg4 17. Bd3 Nh5 18. Bxe7 Qxe7 19. Re3 Nf4 20. Bf1 Qf6
21. Rc1 Qg6 22. Kh1 f5 23. h3 Qh5 24. Kg1 Nxh3+ 25. gxh3 Bxf3 26. Qd3 Qg5+
27. Kh2 Qf4+ 28. Kg1 fxe4 29. Nxe4 Bxe4 30. Qxe4 Qxf2+ 31. Kh1 Nf5 32. Rf3
Ng3+ 33. Rxg3 Qxg3 34. Bd3 Rf2 35. Qh7+ Kf7 {White resigns} 0-1

[Event "ICC tourney 2047 (75 10)"]
[Site "Internet Chess Club"]
[Date "2020.10.09"]
[Round "1"]
[White "FL2009"]
[Black "Michaelpu"]
[Result "1-0"]
[ICCResult "Black resigns"]
[WhiteElo "1851"]
[BlackElo "1615"]
[Opening "Sicilian: Canal-Sokolsky attack, 3...Bd7"]
[ECO "B52"]
[NIC "SI.01"]
[Time "20:05:28"]
[TimeControl "4500+10"]

1. e4 c5 2. Nf3 d6 3. Bb5+ Bd7 4. c4 Nf6 5. Nc3 a6 6. Bxd7+ Nbxd7 7. d4 cxd4
8. Nxd4 Qc7 9. Qe2 Rc8 10. b3 b5 11. Ncxb5 axb5 12. Nxb5 Qb7 13. f3 g6 14.
Bf4 Nh5 15. Be3 Bg7 16. Rd1 O-O 17. O-O Nc5 18. Qf2 Nf6 19. e5 Ne8 20. exd6
exd6 21. Nxd6 Nxd6 22. Bxc5 Rxc5 23. Qxc5 Nf5 24. Rfe1 Ra8 25. Kh1 h5 26.
Qf2 Bf6 27. Re4 Qa6 28. Rd2 Qa3 29. g3 h4 30. Kg2 hxg3 31. hxg3 Kg7 32. c5
Be7 33. Rc2 Rc8 34. Ra4 {Black resigns} 1-0

[Event "ICC tourney 2047 (75 10)"]
[Site "Internet Chess Club"]
[Date "2020.10.09"]
[Round "1"]
[White "jHanna"]
[Black "Mapking1"]
[Result "0-1"]
[ICCResult "White checkmated"]
[WhiteElo "1776"]
[BlackElo "1631"]
[Opening "Grünfeld: exchange, Spassky variation"]
[ECO "D87"]
[NIC "GI.05"]
[Time "20:05:51"]
[TimeControl "4500+10"]

1. d4 Nf6 2. c4 g6 3. Nc3 d5 4. cxd5 Nxd5 5. e4 Nxc3 6. bxc3 Bg7 7. Bc4 O-O
8. Ne2 c5 9. O-O Nc6 10. Be3 Qc7 11. f4 Bg4 12. Qc2 Na5 13. Bb3 Nxb3 14.
axb3 cxd4 15. Nxd4 Rfd8 16. Rac1 Rac8 17. Nb5 Qc6 18. Nxa7 Qxc3 19. Nxc8
Qxe3+ 20. Kh1 Rxc8 21. Qb1 Rxc1 22. Qxc1 Qxe4 23. Qc7 Bf6 24. Rc1 Bh3 25.
Qc2 Qxc2 26. Rxc2 Be6 27. Rc7 Bd5 28. b4 e6 29. Kg1 Bd4+ 30. Kf1 b5 31. g3
Bc4+ 32. Kg2 Bc3 33. g4 Bxb4 34. h4 Bd6 35. Rc8+ Kg7 36. Kf3 Bd5+ 37. Ke3 b4
38. f5 b3 39. g5 exf5 40. Kd3 b2 41. Kc2 Be5 42. h5 gxh5 43. Kb1 Be4+ 44.
Rc2 Bxc2+ 45. Kxc2 b1=N 46. Kd3 Nd2 47. Ke3 h4 48. Kf2 h3 49. Kg1 Nf1 50.
Kh1 h2 51. Kg2 h1=N 52. Kf3 Nd2+ 53. Kg2 Nb1 54. Kf3 Nf2 55. Kg2 Nd1 56. Kf3
Nb2 57. Kg2 Bf4 58. Kf3 Kg6 59. Kg2 Kxg5 60. Kf2 Be5 61. Kf3 Nc4 62. Ke2 Ba1
63. Kf3 Nb2 64. Kg3 h5 65. Kh3 Kf4 66. Kh4 Ke3 67. Kg3 h4+ 68. Kg2 h3+ 69.
Kxh3 f4 70. Kg2 f3+ 71. Kf1 f5 72. Ke1 f4 73. Kf1 f2 74. Kg2 f1=R 75. Kxf1
Kf3 76. Ke1 Kg2 77. Ke2 f3+ 78. Ke1 f2+ 79. Ke2 f1=Q+ 80. Ke3 Qd3+ 81. Kf4
Nc4 82. Kg5 Bf6+ 83. Kf4 Qe3+ 84. Kf5 Qf3+ 85. Ke6 Qc6+ 86. Kf5 Ba1 87. Kf4
Nb2 88. Kf5 Qd6 89. Ke4 Qc5 90. Kf4 Qd5 91. Ke3 Qd3+ 92. Kf4 Qa3 93. Ke4
Nd2+ 94. Kf4 Qf3+ 95. Ke5 Qe4+ 96. Kd6 Kf3 97. Kc5 Nd3+ 98. Kd6 Qe5+ 99. Kc6
Nb4+ 100. Kb6 Nc4+ 101. Kb7 Qe7+ 102. Kc8 Nb6+ 103. Kb8 Nc6# {White
checkmated} 0-1

[Event "ICC tourney 2047 (75 10)"]
[Site "Internet Chess Club"]
[Date "2020.10.09"]
[Round "1"]
[White "yogokings12"]
[Black "Florina12345"]
[Result "1-0"]
[ICCResult "Black resigns"]
[WhiteElo "1691"]
[BlackElo "1330"]
[Opening "KGD: Falkbeer counter-gambit"]
[ECO "C31"]
[NIC "KG.04"]
[Time "20:05:37"]
[TimeControl "4500+10"]

1. e4 e5 2. f4 d5 3. exd5 exf4 4. Bc4 Qh4+ 5. Kf1 f3 6. Bb5+ Bd7 7. Bxd7+
Nxd7 8. Nxf3 Qc4+ 9. d3 Qxd5 10. Nc3 Qe6 11. Qe1 Qxe1+ 12. Kxe1 Ngf6 13. Bf4
c6 14. Kd2 Nc5 15. Rae1+ Kd7 16. Ne5+ Ke8 17. Ng6+ Ne6 18. Nxh8 Bc5 19. Be3
Bxe3+ 20. Rxe3 Ke7 21. Nxf7 Kxf7 22. Rf1 b5 23. Ne4 Nc7 24. Nxf6 gxf6 25. c4
Rd8 26. Kc2 bxc4 27. dxc4 Ne6 28. Kc3 Nc5 29. b4 Nb7 30. Rd3 Nd6 31. Rxd6
Rxd6 32. Rf2 Kg6 33. a4 Re6 34. b5 cxb5 35. axb5 a6 36. Kb4 Kf7 37. bxa6
Rxa6 38. Kb5 Re6 39. c5 Ke7 40. Rd2 Re1 41. Kc6 Rc1 42. Rd7+ Ke6 43. Rxh7
Rc2 44. g3 Ke5 45. Re7+ Kd4 46. Rd7+ Ke5 47. Rd5+ Ke6 48. Rh5 f5 49. Rh8 Kf6
50. Kb6 Ke7 51. Kc6 Kf6 52. Kd6 Rd2+ 53. Kc7 Rc2 54. c6 Ke6 55. Re8+ Kd5 56.
Rd8+ Kc5 57. Rf8 Rxh2 58. Rxf5+ Kd4 59. Kb7 Rh8 60. c7 Ke4 61. Rb5 Kf3 62.
Rb3+ Kg4 63. c8=Q+ Rxc8 64. Kxc8 Kg5 65. Rb4 Kf5 66. Rf4+ Kg5 67. Kd7 Kh5
68. Ke6 Kg5 69. Ra4 Kg6 70. Rg4+ Kh5 71. Kf5 Kh6 72. Kf6 Kh7 73. Rh4+ Kg8
74. g4 {Black resigns} 1-0

[Event "ICC tourney 2047 (75 10)"]
[Site "Internet Chess Club"]
[Date "2020.10.09"]
[Round "1"]
[White "Eagle2020"]
[Black "SK-2005"]
[Result "0-1"]
[ICCResult "White checkmated"]
[WhiteElo "1505"]
[BlackElo "1742"]
[Opening "two knights defense: Ulvestad variation"]
[ECO "C57"]
[NIC "KP.01"]
[Time "20:05:33"]
[TimeControl "4500+10"]

1. e4 e5 2. Nf3 Nc6 3. Bc4 Nf6 4. Ng5 d5 5. exd5 b5 6. Nxf7 Kxf7 7. dxc6+
bxc4 8. Qe2 Qd5 9. O-O Bd6 10. Nc3 Qxc6 11. d3 cxd3 12. Qxd3 Ba6 13. Qf5
Bxf1 14. Kxf1 Rab8 15. Bg5 Rxb2 16. Bxf6 gxf6 17. Qh5+ Ke7 18. Qh6 Rf8 19.
Qxh7+ Rf7 20. Qd3 Rb8 21. Nd5+ Ke6 22. Qh3+ Kxd5 23. Rd1+ Kc4 24. Qd3+ Kb4
25. Rb1+ Ka5 26. Rxb8 Bb4 27. Rxb4 Kxb4 28. Qb3+ Ka5 29. Qxf7 Qxc2 30. Qd5+
Ka4 31. h4 c5 32. Qc6+ Ka3 33. Qa6+ Kb2 34. Qb5+ Kxa2 35. Qa5+ Kb1 36. Qe1+
Kb2 37. h5 c4 38. Qb4+ Qb3 39. Qd2+ Kb1 40. Qe1+ Kc2 41. h6 Qd3+ 42. Qe2+
Kb1 43. h7 Qxh7 44. Qxc4 Qc2 45. Qb4+ Qb2 46. Qe4+ Ka1 47. Qc4 Qb1+ 48. Ke2
Qa2+ 49. Qxa2+ Kxa2 50. Kd2 Kb2 51. Ke3 f5 52. f4 exf4+ 53. Kxf4 a5 54. Kxf5
a4 55. g4 a3 56. g5 a2 57. g6 a1=Q 58. g7 Qf1+ 59. Kg6 Qg2+ 60. Kh7 Qh3+ 61.
Kg8 Kc3 62. Kf8 Qf5+ 63. Kg8 Kd4 64. Kh8 Qh5+ 65. Kg8 Ke5 66. Kf8 Qf5+ 67.
Kg8 Kf6 68. Kh8 Qh5+ 69. Kg8 Qh6 70. Kf8 Qxg7+ 71. Ke8 Qe7# {White
checkmated} 0-1

[Event "ICC tourney 2047 (75 10)"]
[Site "Internet Chess Club"]
[Date "2020.10.09"]
[Round "1"]
[White "Han366"]
[Black "wulovechess"]
[Result "1-0"]
[ICCResult "Black checkmated"]
[WhiteElo "1701"]
[BlackElo "1390"]
[Opening "QGD: exchange, positional line"]
[ECO "D35"]
[NIC "QO.16"]
[Time "20:05:34"]
[TimeControl "4500+10"]

1. d4 d5 2. c4 e6 3. Nc3 Nf6 4. cxd5 exd5 5. Bg5 Be7 6. e3 Kf8 7. Bd3 Be6 8.
Nge2 Nbd7 9. Nf4 h6 10. Nxe6+ fxe6 11. Bh4 e5 12. dxe5 Nxe5 13. Be2 Kf7 14.
Bxf6 Bxf6 15. Nxd5 c6 16. Nxf6 Qxf6 17. Qb3+ Kg6 18. O-O Rad8 19. Rad1 Rde8
20. f4 Nf7 21. Qc2+ Qf5 22. Bd3 Qxd3 23. Qxd3+ Kf6 24. e4 Rd8 25. Qb3 b6 26.
Rxd8 Rxd8 27. Rd1 Re8 28. Qf3 g6 29. g4 Kg7 30. Rd7 Kg8 31. Qb3 Rf8 32. Qe6
Kg7 33. f5 c5 34. Qxg6+ Kh8 35. Rxf7 Rxf7 36. Qxf7 c4 37. Qe7 c3 38. bxc3 h5
39. f6 h4 40. f7 Kg7 41. f8=Q+ Kg6 42. Qeg7# {Black checkmated} 1-0

[Event "ICC tourney 2047 (75 10)"]
[Site "Internet Chess Club"]
[Date "2020.10.09"]
[Round "1"]
[White "M6northrup"]
[Black "TheDude865"]
[Result "1-0"]
[ICCResult "Black resigns"]
[WhiteElo "1654"]
[BlackElo "1317"]
[Opening "Giuoco Piano"]
[ECO "C50"]
[NIC "IG.02"]
[Time "20:05:52"]
[TimeControl "4500+10"]

1. e4 e5 2. Nf3 Nc6 3. Bc4 Bc5 4. O-O Nf6 5. d3 h6 6. c3 d6 7. h3 O-O 8. Re1
Bb6 9. d4 Re8 10. dxe5 Nxe5 11. Nxe5 Rxe5 12. Bd3 Bd7 13. Bf4 Re7 14. Nd2
Bc6 15. Qc2 Qe8 16. a4 a5 17. Kf1 Kh8 18. b3 Nd7 19. Bc4 Ne5 20. Bd5 Qd7 21.
Bxc6 Qxc6 22. Re2 Rae8 23. Rae1 Ng6 24. Bg3 Bd4 25. Nc4 Bb6 26. e5 d5 27.
Nxb6 Qxb6 28. e6 Rxe6 29. Rxe6 Rxe6 30. Rxe6 Qxe6 31. Bxc7 b6 32. Qd3 Qc6
33. Bg3 Nf8 34. c4 Nd7 35. Qxd5 Qxd5 36. cxd5 Kg8 37. Bd6 f6 38. Ke2 Kf7 39.
Kd3 g5 40. Kc4 f5 41. Kb5 h5 42. Kc6 Ke8 43. Bc7 Ke7 44. Bd6+ Ke8 45. b4
axb4 46. Bxb4 f4 47. Bc3 h4 48. f3 Ke7 49. Bd4 Nb8+ 50. Kc7 Nd7 51. Bxb6
Nxb6 52. Kxb6 Kd6 53. a5 Kxd5 54. a6 Kd4 55. a7 Ke3 56. a8=Q Kf2 57. Qa2+
Kg3 58. Kc6 {Black resigns} 1-0

[Event "ICC tourney 2047 (75 10)"]
[Site "Internet Chess Club"]
[Date "2020.10.09"]
[Round "1"]
[White "wahoo"]
[Black "AkshatSuresh"]
[Result "0-1"]
[ICCResult "White checkmated"]
[WhiteElo "1741"]
[BlackElo "1601"]
[Opening "Sicilian: Kan variation"]
[ECO "B48"]
[NIC "SI.41"]
[Time "20:05:32"]
[TimeControl "4500+10"]

1. e4 c5 2. Nf3 e6 3. d4 cxd4 4. Nxd4 a6 5. Be3 Nc6 6. Nc3 Qc7 7. f3 Nf6 8.
Qd2 Bb4 9. a3 Ba5 10. g4 d6 11. O-O-O Ne5 12. h4 O-O 13. h5 b5 14. g5 Ne8
15. Be2 g6 16. f4 Nc4 17. Bxc4 bxc4 18. h6 Bb7 19. Qg2 Bxc3 20. bxc3 e5 21.
fxe5 dxe5 22. Ne2 Nd6 23. Ng3 Nb5 24. Qf2 Qc6 25. Bc5 Rfe8 26. Rd6 Nxd6 27.
Qf6 Nf5 28. Nxf5 Qxf6 29. gxf6 Bxe4 30. Ne7+ Rxe7 31. Re1 Rc7 32. Bd6 Rd7
33. Bxe5 Bf5 34. Bf4 Rad8 35. Bg5 Bg4 36. Kb2 Rb8+ 37. Kc1 Rbd8 38. Kb2 Rd1
39. Re7 Rb8+ 40. Ka2 Rdb1 41. a4 R1b2+ 42. Ka1 Rxc2 43. Bf4 Rd8 44. Kb1 Bf5
45. Bc1 Rb8+ 46. Ka1 Rxc1+ 47. Ka2 Bb1+ 48. Ka1 Bc2+ 49. Ka2 Rcb1 50. a5
R1b3 51. Re8+ Rxe8 52. Ka1 Reb8 53. Ka2 Bb1+ 54. Ka1 Ra3# {White checkmated}
0-1

[Event "ICC tourney 2047 (75 10)"]
[Site "Internet Chess Club"]
[Date "2020.10.09"]
[Round "1"]
[White "angelpawn"]
[Black "Nikhilp"]
[Result "0-1"]
[ICCResult "White forfeits on time"]
[WhiteElo "1600"]
[BlackElo "1830"]
[Opening "King's Indian: Sämisch variation"]
[ECO "E80"]
[NIC "KI.53"]
[Time "20:05:35"]
[TimeControl "4500+10"]

1. d4 Nf6 2. c4 g6 3. Nc3 Bg7 4. e4 d6 5. f3 a6 6. Be3 Nbd7 7. Bd3 c5 8. d5
Ne5 9. Bc2 Nxc4 10. Bc1 Nd7 11. Nge2 b5 12. O-O O-O 13. Rb1 Ncb6 14. Bg5 Nf6
15. Re1 h6 16. Bh4 Nc4 17. Bf2 Nd7 18. Nf4 Nxb2 19. Rxb2 Bxc3 20. Rb1 Bxe1
21. Qxe1 Nf6 22. h3 Kg7 23. Be3 Kh7 24. g4 Ng8 25. Qd2 e5 26. Ng2 g5 27. Kf2
Qf6 28. Rh1 Qg7 29. h4 f6 30. hxg5 fxg5 31. Bxg5 Bxg4 32. f4 Qxg5 33. Ke1
exf4 34. Nh4 Qe5 35. Qg2 Nf6 36. Kd2 Rae8 37. Re1 f3 38. Nxf3 Qf4+ 39. Re3
Nxe4+ {White forfeits on time} 0-1

[Event "ICC tourney 2047 (75 10)"]
[Site "Internet Chess Club"]
[Date "2020.10.09"]
[Round "1"]
[White "irisl"]
[Black "mskhan12"]
[Result "1-0"]
[ICCResult "Black resigns"]
[WhiteElo "1379"]
[BlackElo "1469"]
[Opening "Pirc: Ufimtsev-Pytel variation"]
[ECO "B07"]
[NIC "PU.08"]
[Time "20:08:47"]
[TimeControl "4500+10"]

1. e4 d6 2. d4 Nf6 3. Nc3 c6 4. Nf3 Qa5 5. Bd2 Qc7 6. Bd3 e5 7. O-O Be7 8.
h3 O-O 9. a4 a5 10. Re1 Na6 11. Ne2 Nb4 12. Bxb4 axb4 13. c3 bxc3 14. bxc3
h6 15. Ng3 Re8 16. Qd2 Be6 17. Nf5 Bf8 18. Ne3 Nh5 19. Bc2 Nf4 20. Kh2 f6
21. Rab1 Rad8 22. d5 Bc8 23. c4 Qd7 24. Ng1 Qf7 25. g3 Ng6 26. Nf3 Ne7 27.
Kg2 g5 28. Rh1 Bg7 29. a5 Rf8 30. g4 Ng6 31. Kg3 Nf4 32. Ng1 h5 33. Ne2 Qd7
34. Nf5 Qf7 35. Nxf4 exf4+ 36. Kg2 Bxf5 37. exf5 Rfe8 38. Rbe1 h4 39. Re6
Qc7 40. Rhe1 Rxe6 41. Rxe6 Rc8 42. Bb1 Ra8 43. Qe1 cxd5 44. cxd5 Qd7 45. Re7
Qb5 46. Qe6+ Kh8 47. Qf7 f3+ 48. Kh2 {Black resigns} 1-0

[Event "ICC tourney 2047 (75 10)"]
[Site "Internet Chess Club"]
[Date "2020.10.09"]
[Round "1"]
[White "StevChess01"]
[Black "shubham14"]
[Result "1-0"]
[ICCResult "Black resigns"]
[WhiteElo "1734"]
[BlackElo "1491"]
[Opening "Nimzo-Indian: Kmoch variation"]
[ECO "E20"]
[NIC "NI.30"]
[Time "20:06:19"]
[TimeControl "4500+10"]

1. d4 e6 2. c4 Nf6 3. Nc3 Bb4 4. f3 d5 5. a3 Bxc3+ 6. bxc3 O-O 7. e3 dxc4 8.
Bxc4 c5 9. Ne2 a6 10. a4 Nbd7 11. O-O Nb6 12. Bb3 c4 13. Bc2 Nbd5 14. e4 Ne7
15. Ng3 Qa5 16. Bd2 Rd8 17. Qe2 Ng6 18. Qxc4 e5 19. d5 Qb6+ 20. Kh1 Bd7 21.
Rab1 Qa5 22. Rxb7 Rac8 23. Qb4 Qxb4 24. Rxb4 Nf4 25. Bxf4 exf4 26. Ne2 g5
27. Rfb1 a5 28. Rb6 Nh5 29. Kg1 Ng7 30. Ra6 Rc5 31. Ra7 Bc8 32. Rb8 Ne8 33.
Bd3 Nc7 34. Bb5 Rf8 35. Rxa5 f5 36. Ra7 fxe4 37. fxe4 Nxb5 38. axb5 Bg4 39.
Rxf8+ Kxf8 40. Kf2 Rxb5 41. h3 Bh5 42. g4 fxg3+ 43. Nxg3 Bg6 44. Ra3 h5 45.
c4 Rb2+ 46. Kf3 h4 47. Nf5 Bh5+ 48. Ke3 g4 49. hxg4 h3 50. gxh5 h2 51. Ra1
Ra2 52. Rh1 {Black resigns} 1-0

[Event "ICC tourney 2047 (75 10)"]
[Site "Internet Chess Club"]
[Date "2020.10.09"]
[Round "1"]
[White "betterone76"]
[Black "TheOrcaPro"]
[Result "0-1"]
[ICCResult "White resigns"]
[WhiteElo "1834"]
[BlackElo "1773"]
[Opening "King's Indian: Averbakh system"]
[ECO "E73"]
[NIC "KI.26"]
[Time "20:05:37"]
[TimeControl "4500+10"]

1. d4 Nf6 2. c4 g6 3. Nc3 Bg7 4. e4 d6 5. Be2 O-O 6. Bg5 Nbd7 7. Qd2 c6 8.
h4 h5 9. Bh6 Nb6 10. O-O-O Ng4 11. Bxg7 Kxg7 12. Nh3 f5 13. f3 Nf6 14. Nf2
Be6 15. d5 cxd5 16. cxd5 Bd7 17. g4 fxg4 18. fxg4 hxg4 19. Rdg1 Qc8 20. h5
gxh5 21. Rxh5 Kf7 22. Rg5 Ke8 23. Kb1 Nc4 24. Qd4 Ne5 25. Rxe5 dxe5 26. Qxe5
Qc5 27. Rg2 Qd6 28. Qd4 Qb6 29. Qd2 a6 30. e5 Nh5 31. e6 Bb5 32. Bxg4 Nf6
33. Bf5 Qd6 34. Bg6+ Kd8 35. Nfe4 Nxe4 36. Nxe4 Rf1+ 37. Kc2 Rc8+ 38. Nc3
Qb4 39. Bh5 Ba4+ 40. b3 Rxc3+ 41. Qxc3 Rc1+ 42. Kxc1 Qxc3+ 43. Rc2 Qe1+ 44.
Kb2 Qe5+ 45. Kb1 Qxh5 46. bxa4 Qxd5 47. Kc1 Qxe6 48. Kb2 Qe4 49. Rd2+ Kc7
50. Rc2+ Qxc2+ 51. Kxc2 Kb6 52. Kc3 Ka5 53. Kb3 e5 54. Ka3 e4 55. Kb3 e3 56.
Kc2 Kxa4 57. Kd3 b5 58. Kxe3 a5 59. Kd2 Ka3 60. Kc3 b4+ 61. Kc2 Kxa2 62. Kc1
b3 {White resigns} 0-1